 Dungeon Crawl Stone Soup version 0.30.0-30-g96aa6591b8 (webtiles) character file.

Game seed: 7737992490398139085

13217 Babbit the Cleaver (level 12, -2/154 HPs)
             Began as a Hill Orc Fighter on June 30, 2023.
             Was a High Priest of Cheibriados.
             Slain by Urug
             ... wielding a +7 eveningstar
              (11 damage)
             ... on level 2 of the Lair of Beasts.
             The game lasted 02:43:35 (12692 turns).

Babbit the Cleaver (Hill Orc Fighter)              Turns: 12692, Time: 02:43:36

Health: -2/154     AC: 22    Str: 34    XL:     12   Next: 3%
Magic:  0/21       EV: 17    Int: 24    God:    Cheibriados [*****.]
Gold:   279        SH:  8    Dex: 28    Spells: 20/23 levels left

rFire   + . .        I - +2 hand axe (heavy)
rCold   . . .        c - +0 buckler
rNeg    . . .        M - +1 chain mail {rF+}
rPois   .            e - +0 helmet
rElec   .            (no cloak)
rCorr   .            Q - +0 pair of gloves
SInv    .            V - +1 pair of boots {rampage}
Will    .....        J - amulet of guardian spirit Stlth
                     A - ring of the Mordant Mango {AC+4 Dex+2}
HPRegen 0.45/turn    u - +5 ring of evasion
MPRegen 0.17/turn

%: guardian spirit, rampage
@: berserking, very slow
A: no striking features
a: Renounce Religion, Bend Time, Temporal Distortion, Slouch, Step From Time


You were on level 2 of the Lair of Beasts.
You worshipped Cheibriados.
Cheibriados was extremely pleased with you.
You visited 3 branches of the dungeon, and saw 13 of its levels.

You collected 669 gold pieces.
You spent 390 gold pieces at shops.

Inventory:

Hand Weapons
 y - a +0 sling
 B - a +3 morningstar
 E - a +3 spear
 F - a +1 whip of freezing
 H - a +0 trident of venom
 I - a +2 heavy hand axe (weapon)
 L - a +4 mace of freezing
 R - a +3 rapier
Missiles
 m - 87 stones
 r - 6 boomerangs
 t - 5 silver boomerangs
 w - 16 poisoned darts
 N - a throwing net
Armour
 a - +0 acid dragon scales
 c - a +0 buckler (worn)
 e - a +0 helmet (worn)
 M - a +1 chain mail of fire resistance (worn)
 Q - a +0 pair of gloves (worn)
 V - a +1 pair of boots of rampaging (worn)
Jewellery
 u - a +5 ring of evasion (right hand)
 A - the ring of the Mordant Mango (left hand) {AC+4 Dex+2}
   (You found it on level 3 of the Dungeon)

   [ring of protection]

   AC:        It affects your AC (+4).
   Dex:       It affects your dexterity (+2).
 J - an amulet of guardian spirit (around neck)
Wands
 b - a wand of roots (20)
 h - a wand of digging (6)
 S - a wand of flame (3)
 T - a wand of polymorph (6)
 X - a wand of paralysis (3)
Scrolls
 d - 2 scrolls of torment
 f - 3 scrolls of blinking
 g - 2 scrolls of identify
 j - 3 scrolls of summoning
 k - 4 scrolls of teleportation
 l - a scroll of brand weapon {unknown}
 n - 5 scrolls of poison (quivered)
 o - 2 scrolls of fog {unknown}
 p - 2 scrolls of fear {unknown}
 q - 3 scrolls of noise {unknown}
 v - 2 scrolls of amnesia {unknown}
 D - 2 scrolls of acquirement {unknown}
 G - a scroll of immolation {unknown}
 K - 3 scrolls of magic mapping {unknown}
 U - a scroll of vulnerability {unknown}
Potions
 i - a potion of berserk rage
 s - 2 potions of haste
 x - a potion of magic {unknown}
 z - 5 potions of attraction
 C - a potion of cancellation {unknown}
 O - a potion of brilliance {unknown}
 P - a potion of ambrosia {unknown}
 W - a potion of degeneration {unknown}


   Skills:
 + Level 8.5 Fighting
 + Level 13.3(13.5) Axes
 + Level 3.3(7.9) Maces & Flails
 + Level 10.3 Armour
 + Level 3.3 Dodging
 + Level 0.7 Stealth
 + Level 7.9 Shields
 * Level 6.2 Spellcasting
 + Level 1.4 Invocations


You had 20 spell levels left.
You knew the following spells:

 Your Spells              Type           Power      Damage    Failure   Level
a - Slow                  Hex            28%        N/A       26%         1
b - Apportation           Tloc           14%        N/A       26%         1
c - Shock                 Conj/Air       28%        1d4       26%         1

Your spell library contained the following spells:

 Spells                   Type           Power      Damage    Failure   Level
 Necrotise                Necr           28%        1d5       26%         1
 Summon Small Mammal      Summ           28%        N/A       26%         1
 Lesser Beckoning         Tloc           14%        N/A       36%         2
 Confusing Touch          Hex            7%         N/A       58%         3
 Gell's Gravitas          Tloc           7%         N/A       58%         3
 Swiftness                Air            7%         N/A       58%         3
 Teleport Other           Tloc           7%         N/A       58%         3
 Tukima's Dance           Hex            7%         N/A       58%         3
 Vampiric Draining        Necr           7%         2d6       58%         3
 Volatile Blastmotes      Fire/Tloc      14%        2d11      58%         3
 Airstrike                Air            3%         2d(1-17)  94%         4
 Fulminant Prism          Conj/Hex       3%         3d5       94%         4
 Iskenderun's Mystic Bla  Conj/Tloc      7%         2d4       94%         4
 Passage of Golubria      Tloc           7%         N/A       94%         4
 Blade Hands              Tmut           3%         N/A       100%        5
 Irradiate                Conj/Tmut      3%         3d12      100%        5
 Lee's Rapid Deconstruct  Erth           3%         3d5*      100%        5
 Yara's Violent Unravell  Hex/Tmut       3%         3d4       100%        5
 Dragon Form              Tmut           3%         N/A       100%        7


Dungeon Overview and Level Annotations

Branches:
Dungeon (10/15)            Temple (1/1) D:5            Lair (2/5) D:10
  Swamp: Lair:2-3    Shoals: Lair:2-3     Snake: Lair:2-3    Spider: Lair:2-3
    Orc: D:9-12

Altars:
Ashenzari
Cheibriados
Dithmenos
Fedhas
Gozag
Hepliaklqana
Kikubaaqudgha
Makhleb
Nemelex Xobeh
Okawaru
Qazlal
Ru
Sif Muna
Trog
Uskayaw
Vehumet
Wu Jian
Xom
Yredelemnul
Zin

Shops:
D:3 =   D:8 =

Annotations:
D:10 3 transporters
Lair:2 Urug


Message History

You slash the water moccasin!
Cheibriados thinks you should slow down.
You feel a little guilty.
The water moccasin bites you but does no damage.
Urug hits you but does no damage.
You barely miss Urug.
Urug is moderately wounded.
You slash the water moccasin! The water moccasin barely misses you.
Urug hits you with a +7 eveningstar! The water moccasin misses you.
You closely miss Urug.
Urug is moderately wounded.
You hit the water moccasin. Urug hits you with a +7 eveningstar!
The water moccasin closely misses you.
Okay, then.
You slash Urug!
Urug is heavily wounded.
You hit the water moccasin.
You kill the water moccasin!
Cheibriados appreciates the change of pace.
Urug hits you with a +7 eveningstar!!
* * * LOW HITPOINT WARNING * * *
You barely miss Urug.
Urug is heavily wounded.
Urug loudly yells encouragement to no one in particular.
You block Urug's attack.
You completely miss Urug.
Urug is heavily wounded.
Urug hits you with a +7 eveningstar!
* * * LOW HITPOINT WARNING * * *
A red film seems to cover your vision as you go berserk!
Cheibriados forces you to slow down.
You feel mighty! Urug hits you with a +7 eveningstar!
* * * LOW HITPOINT WARNING * * *
You slash Urug!
Urug is severely wounded.
Urug barely misses you.
You barely miss Urug.
Urug is severely wounded.
Urug hits you with a +7 eveningstar!
You die...

##...... #.....
##....... ......
#.......###......
#P......#.#.....
#P..............
##..............
#P..............
#......@o......
#...............
#######...##..#.
####.# ## ##


You could see Urug.

Vanquished Creatures
  A boulder beetle (Lair:1)
  A centaur warrior (D:8)
  2 two-headed ogres (D:8)
  An orc knight (D:8)
  Pikel (D:4)
  An elephant (D:10)
  Psyche (D:9)
  2 cane toads (Lair:1)
  A komodo dragon (Lair:1)
  Prince Ribbit (D:8)
  A centaur simulacrum (D:10)
  2 wraiths (D:10)
  2 wyverns
  2 basilisks (D:10)
  An unseen horror simulacrum (D:10)
  5 yaks
  4 steam dragons
  Menkaure (D:7)
  2 vampire mosquitoes (D:10)
  An acid dragon (D:9)
  6 water moccasins
  2 orc warriors
  3 black bears
  A sky beast (D:8)
  6 ice beasts
  2 ogres (D:6)
  A phantom (D:5)
  5 centaurs
  A kobold brigand (D:7)
  6 bullfrogs
  5 scorpions
  13 wights
  10 killer bees
  2 jellies
  3 howler monkeys (D:8)
  4 hounds
  6 orc priests
  An iron imp (D:3)
  4 sleepcaps
  6 iguanas
  10 orc wizards
  6 gnolls (D:2)
  5 adders
  A river rat (D:5)
  A shadow imp (D:5)
  A howler monkey simulacrum (D:10)
  3 white imps
  4 ufetubi
  6 worms
  A dart slug (D:4)
  31 orcs
  7 endoplasms
  6 giant cockroaches
  6 goblins
  6 hobgoblins
  3 jackals (D:4)
  3 quokkas
  7 ball pythons
  3 bats
  6 frilled lizards
  13 kobolds
  2 rats
251 creatures vanquished.

Vanquished Creatures (others)
  An orc wizard (D:8)
  A quokka (D:10)
2 creatures vanquished.

Grand Total: 253 creatures vanquished

Notes
Turn   | Place    | Note
-------+----------+-------------------------------------------
     0 | D:1      | Babbit the Hill Orc Fighter began the quest for the Orb.
     0 | D:1      | Reached XP level 1. HP: 19/19 MP: 1/1
   145 | D:2      | Reached XP level 2. HP: 12/27 MP: 2/2
   443 | D:2      | Reached XP level 3. HP: 16/33 MP: 3/3
   724 | D:2      | Reached skill level 3 in Axes
   724 | D:2      | Reached XP level 4. HP: 32/40 MP: 4/4
  2323 | D:2      | Reached XP level 5. HP: 46/46 MP: 5/5
  2483 | D:2      | Reached skill level 4 in Axes
  2743 | D:3      | Identified the ring of the Mordant Mango {AC+4 Dex+2}
  2937 | D:3      | Found Ceexioc's Jewellery Boutique.
  3072 | D:3      | Found a snail-covered altar of Cheibriados.
  3090 | D:3      | Became a worshipper of Cheibriados the Contemplative
  3143 | D:3      | Learned a level 1 spell: Slow
  3252 | D:3      | Noticed a water moccasin
  3273 | D:3      | Killed a water moccasin
  3274 | D:3      | Reached skill level 5 in Armour
  3274 | D:3      | Reached XP level 6. HP: 27/53 MP: 5/7
  3497 | D:3      | Found a sparkling altar of Nemelex Xobeh.
  3497 | D:3      | Found a shimmering blue altar of Sif Muna.
  3498 | D:3      | Found a stormy altar of Qazlal.
  3730 | D:4      | Reached skill level 5 in Axes
  3829 | D:4      | Found an iron altar of Okawaru.
  3833 | D:4      | Reached skill level 1 in Spellcasting
  3914 | D:4      | Reached skill level 1 in Dodging
  4280 | D:4      | Reached * piety under Cheibriados
  4367 | D:4      | Noticed Pikel
  4389 | D:4      | Killed Pikel
  4390 | D:4      | Reached skill level 5 in Fighting
  4390 | D:4      | Reached skill level 7 in Axes
  4390 | D:4      | Reached skill level 1 in Invocations
  4390 | D:4      | Reached XP level 7. HP: 32/61 MP: 7/10
  4390 | D:4      | Reached XP level 8. HP: 36/68 MP: 7/11
  4814 | D:4      | Learned a level 1 spell: Apportation
  4993 | D:5      | Entered Level 5 of the Dungeon
  5181 | D:5      | Found a staircase to the Ecumenical Temple.
  5195 | Temple   | Entered the Ecumenical Temple
  6298 | D:5      | Reached skill level 8 in Axes
  6306 | D:5      | Reached skill level 1 in Maces & Flails
  6428 | D:6      | Found a shadowy altar of Dithmenos.
  6442 | D:6      | Reached XP level 9. HP: 72/75 MP: 13/13
  6474 | D:6      | Reached ** piety under Cheibriados
  6565 | D:6      | Reached skill level 9 in Axes
  6576 | D:6      | Found a burning altar of Makhleb.
  6634 | D:6      | Learned a level 1 spell: Shock
  6674 | D:6      | Found a blossoming altar of Fedhas.
  7274 | D:6      | Found a hazy altar of Hepliaklqana.
  7483 | D:7      | Found a bloodstained altar of Trog.
  7516 | D:7      | Reached skill level 5 in Shields
  7531 | D:7      | Reached skill level 10 in Axes
  7565 | D:7      | Reached *** piety under Cheibriados
  8103 | D:7      | Found a glowing silver altar of Zin.
  8172 | D:7      | Reached XP level 10. HP: 84/84 MP: 16/16
  8255 | D:7      | Noticed Menkaure
  8258 | D:7      | Killed Menkaure
  8720 | D:8      | Noticed an orc knight
  8734 | D:8      | Killed an orc knight
  8735 | D:8      | Reached skill level 11 in Axes
  8747 | D:8      | Noticed a centaur warrior
  8747 | D:8      | Noticed a two-headed ogre
  8751 | D:8      | Killed a two-headed ogre
  8762 | D:8      | Killed a centaur warrior
  8765 | D:8      | Reached **** piety under Cheibriados
  8772 | D:8      | Reached skill level 5 in Spellcasting
  9074 | D:8      | Noticed a two-headed ogre
  9084 | D:8      | Killed a two-headed ogre
  9084 | D:8      | Noticed Prince Ribbit
  9085 | D:8      | Reached skill level 12 in Axes
  9091 | D:8      | HP: 3/129 [Prince Ribbit (6)]
  9092 | D:8      | Killed Prince Ribbit
  9093 | D:8      | Reached XP level 11. HP: 3/92 MP: 18/18
  9326 | D:8      | Found Jeusav's Jewellery Boutique.
  9332 | D:8      | Bought an amulet of guardian spirit for 390 gold pieces
  9755 | D:9      | Reached ***** piety under Cheibriados
  9908 | D:9      | Noticed Psyche
  9923 | D:9      | Killed Psyche
 10747 | D:10     | Entered Level 10 of the Dungeon
 11039 | D:10     | Found a transporter.
 11053 | D:10     | Found a transporter.
 11087 | D:10     | Found a transporter.
 11444 | D:10     | Reached skill level 13 in Axes
 11444 | D:10     | Reached skill level 10 in Armour
 11472 | D:10     | Found a staircase to the Lair.
 11523 | Lair:1   | Entered Level 1 of the Lair of Beasts
 11773 | Lair:1   | Found a transporter.
 11775 | Lair:1   | Found a transporter.
 11775 | Lair:1   | Noticed a boulder beetle
 11810 | Lair:1   | Killed a boulder beetle
 12028 | Lair:1   | Reached XP level 12. HP: 97/103 MP: 18/21
 12672 | Lair:2   | Noticed a four-headed hydra
 12682 | Lair:2   | Noticed Urug
 12692 | Lair:2   | Slain by Urug

Illustrated notes

Levels and vault maps discovered:
D:1:      psy_arrival_radial02, layout_loops_ring
D:2:      layout_loops_corners
D:3:      layout_basic, slow_altar_2, gammafunk_temple_overflow_claw,
          serial_shops, nicolae_shop_rolling_square, minmay_misc_feat_room,
          nicolae_kite_square_tiling_tiny
D:4:      layout_cave_pods, mainiacjoe_overflow_swirl, uniq_pikel
D:5:      layout_loops_corners, minmay_temple_entry_glass, portal_sewer_entry_e,
          eino_small_chamber_without_monster, nicolae_wormholes
D:6:      layout_basic, mainiacjoe_overflow_chevrons,
          nicolae_dithmenos_the_darkroom, fedhas_bush_and_centaur_altar,
          nicolae_hepliaklqana_hazy_memory
D:7:      layout_basic, mainiacjoe_overflow_paths, zin_treasury, serial_curves,
          eino_curves_02, eino_curves_03, uniq_menkaure
D:8:      minmay_angry_zag, layout_loops_ring, serial_shops, shop,
          minmay_three_doors, uniq_prince_ribbit1
D:9:      layout_loops_ring, chequers_avenue, uniq_psyche
D:10:     layout_roguey, elyvilon_altar_4, david_lair_generic, serial_shops,
          nicolae_inconvenience_store, serial_ice, serial_ice_m, serial_ice_g,
          serial_ice_n, serial_ice_b, serial_ice_h, serial_ice_c, serial_ice_d,
          serial_ice_k, serial_ice_a, serial_ice_e,
          nicolae_transporter_intersection
Temple:   hellmonk_temple_beads
Lair:1:   gammafunk_boulding_lane, layout_layer_cave
Lair:2:   cheibrodos_lair_river_kwai, layout_cellular_growth,
          minmay_shoals_entry_centaurs, lemuel_fruit_tree, uniq_urug

Skill      XL: |  1  2  3  4  5  6  7  8  9 10 11 |
---------------+----------------------------------+-----
Armour         | 4 5 7 9 10 | 10.3
Fighting       | 4 5 6 7 8 |  8.5
Axes           | 3 4 7 8 10 12 13 | 13.3
Shields        | 4 5 6 7 |  7.9
Spellcasting   | 2 3 4 5 6 |  6.2
Dodging        | 1 2 3 |  3.3
Invocations    | 1 |  1.4
Maces & Flails | 1 3 |  3.3
Stealth        | |  0.7

Action                     |  1- 3 |  4- 6 |  7- 9 | 10-12 || total
---------------------------+-------+-------+-------+-------++-------
  Melee: War axe           |    57 |   216 |   134 |       ||   407
         Whip              |       |       |    52 |       ||    52
         Hand axe          |       |       |   127 |   338 ||   465
         Mace              |       |       |       |    31 ||    31
  Throw: Stone             |       |       |     4 |       ||     4
 Invoke: Bend Time         |       |     2 |       |       ||     2
    Use: Potion            |     1 |     1 |     4 |     7 ||    13
         Scroll            |       |     2 |       |     8 ||    10
 Armour: Scale mail        |    40 |    79 |       |       ||   119
         Chain mail        |       |    39 |   174 |   160 ||   373
  Dodge: Dodged            |    30 |   109 |   115 |   287 ||   541
  Block: Buckler           |    16 |    52 |    84 |   147 ||   299
